 Dungeon Sprint DCSS version 0.20-a0-876-g2c7b0bf (webtiles) character file.

23 esc the Sneak (level 2, 0/14 HPs)
             Began as a Spriggan Enchanter on Mar 15, 2017.
             Slain by a worker ant (4 damage)
             ... in the Dungeon (Sprint II: "The Violet Keep of Menkaure").
             The game lasted 00:00:38 (57 turns).

esc the Sneak (Spriggan Enchanter)                    Turns: 57, Time: 00:00:39

Health: 0/14       AC:  2    Str:  4    XL:     2   Next: 72%
Magic:  5/7        EV: 20    Int: 16    God:
Gold:   0          SH:  0    Dex: 16    Spells: 7/8 levels left

rFire    . . .     SeeInvis +   a - +1 dagger
rCold    . . .     Gourm    .   b - +0 robe
rNeg     . . .     Faith    .   (shield restricted)
rPois    .         Spirit   .   (helmet restricted)
rElec    .         Reflect  .   (no cloak)
rCorr    .         Harm     .   (gloves unavailable)
MR       .....     NoTele   +   (boots unavailable)
Stlth    +++.......             (no amulet)
Regen    0.1/turn               (no ring)
MPRegen  0.1/turn               (no ring)

@: very quick
A: unfitting armour, see invisible, herbivore 3, speed 3, slow metabolism 2
a: no special abilities


You were in the Dungeon.
You were not hungry.

You visited 1 branch

Inventory:

Hand Weapons
 a - a +1 dagger (weapon)
Armour
 b - a +0 robe (worn)
Scrolls
 j - a scroll of blinking {!r}
Potions
 e - a potion of curing
 f - a potion of heal wounds
 g - a potion of haste
 h - 2 potions of magic
 i - a potion of berserk rage {!q}
Books
 c - a book of Maledictions
Comestibles
 d - a bread ration {@e1}


   Skills:
 + Level 1.4 Fighting
 + Level 2.5 Short Blades
 + Level 4.4 Dodging
 + Level 5.8 Stealth
 + Level 3.7 Spellcasting
 + Level 4.4 Hexes


You had 7 spell levels left.
You knew the following spells:

 Your Spells              Type           Power        Failure   Level  Hunger
v - Corona                Hex            ###....      3%          1    None


Dungeon Overview and Level Annotations

Branches:
Dungeon (1/1)

Altars:


Innate Abilities, Weirdness & Mutations

You are very small and have problems with some larger weapons.
You are too small for most types of armour.
You have supernaturally acute eyesight. (SInv)
You are a herbivore.
You cover ground extremely quickly.
You need consume almost no food.


Message History

Welcome, esc the Spriggan Enchanter.
Found a staircase leading out of the dungeon.
You open the door. 2 tyrant leeches come into view.
There is an open door here.
You close the door.
There is a staircase leading out of the dungeon here.
You open the door. 2 hippogriffs come into view.
There is an open door here.
The helpless hippogriff fails to defend itself.
You impale the hippogriff!! The hippogriff bites you.
The hippogriff barely misses you. x2
You take 1 damage, and have 8/9 hp.
The hippogriff screeches!
There is an open door here.
As you close the door, it creaks loudly!
You start resting.
Health restored: 9 You open the door. 2 worms come into view.
There is an open door here.
The worm bites you.
You take 3 damage, and have 6/9 hp.
MASSIVE DAMAGE!!
There is an open door here.
There is a staircase leading out of the dungeon here.
You open the door. 4 worker ants come into view.
There is an open door here.
The helpless worker ant fails to defend itself.
You puncture the worker ant!
You kill the worker ant!
Your Fighting skill increases to level 1!
Your Short Blades skill increases to level 2!
Your Dodging skill increases to level 4!
Your Stealth skill increases to level 5!
Your Spellcasting skill increases to level 3!
Your Hexes skill increases to level 4!
You have reached level 2!
The worker ant waves its antennae.
The worker ant closely misses you.
The worker ant twitches its antennae in your direction.
You regained 3 hp, and now have 9/14 hp.
You barely miss the worker ant. The worker ant bites you.
The worker ant closely misses you.
You take 3 damage, and have 6/14 hp.
MASSIVE DAMAGE!!
The worker ant barely misses you.
You see here a worker ant corpse.
The worker ant completely misses you. The worker ant closely misses you.
The worker ant bites you.
* * * LOW HITPOINT WARNING * * *
The worker ant misses you.
You take 2 damage, and have 4/14 hp.
The worker ant barely misses you. The worker ant closely misses you.
The worker ant bites you.
* * * LOW HITPOINT WARNING * * *
The worker ant misses you.
You take 1 damage, and have 3/14 hp.
The worker ant completely misses you.
The worker ant bites you but does no damage.
The worker ant closely misses you. The worker ant misses you. x2
The worker ant waves its antennae.
The worker ant closely misses you. The worker ant bites you.
You die...

##..# ##
#$.# ## #.#
#'###.##
#H##.##w..#
##+.<.+#
#H##w##w..#
#.###w###.##
## #.#a####
#a.#a@#
###$### #+


You could see 2 worms and 2 worker ants.

Vanquished Creatures
  A worker ant (D)
1 creature vanquished.

Vanquished Creatures (others)
  Menkaure (D)
1 creature vanquished.

Grand Total: 2 creatures vanquished

Notes
Turn   | Place    | Note
-------+----------+-------------------------------------------
     0 | D        | esc the Spriggan Enchanter began the quest for the Orb.
     0 | D        | Reached XP level 1. HP: 9/9 MP: 5/5
     1 | D        | Noticed a tyrant leech
     1 | D        | Noticed a tyrant leech
     7 | D        | Noticed a hippogriff
     7 | D        | Noticed a hippogriff
    45 | D        | Noticed a worker ant
    45 | D        | Noticed a worker ant
    45 | D        | Noticed a worker ant
    45 | D        | Noticed a worker ant
    48 | D        | Killed a worker ant
    48 | D        | Reached skill level 1 in Fighting
    48 | D        | Reached skill level 2 in Short Blades
    48 | D        | Reached skill level 4 in Dodging
    48 | D        | Reached skill level 5 in Stealth
    48 | D        | Reached skill level 3 in Spellcasting
    48 | D        | Reached skill level 4 in Hexes
    48 | D        | Reached XP level 2. HP: 9/14 MP: 5/7
    49 | D        | Killed Menkaure
    54 | D        | HP: 3/14 [worker ant (1)]
    57 | D        | Slain by a worker ant

Vault maps used:
D:        the_violet_keep_of_menkaure

Skill      XL: |  1 |
---------------+----+-----
Fighting       | 1 |  1.4
Short Blades   | 2 |  2.5
Dodging        | 4 |  4.4
Stealth        | 5 |  5.8
Spellcasting   | 3 |  3.7
Hexes          | 4 |  4.4

Action                   || total
-------------------------++-------
Melee: Dagger            ||     3
 Stab: Sleeping          ||     2
Armor: Robe              ||     1
Dodge: Dodged            ||    16

Vault maps used:
D:        the_violet_keep_of_menkaure

Table legend:
 A = Turns spent in this place as a percentage of turns spent in the entire game.
 B = Non-inter-level travel turns spent in this place as a percentage of non-inter-level travel turns spent in the entire game.
 C = Inter-level travel turns spent in this place as a percentage of turns spent in this place.
 D = Turns resting spent in this place as a percentage of non-inter-level travel turns spent in this place.
 E = Turns spent auto-exploring this place as a percentage of non-inter-level travel turns spent in this place.
 F = Non-inter-level travel turns spent in this place divided by the number of levels of this place that you've seen.
                   A       B       C       D       E      F
               +-------+-------+-------+-------+-------+----------------------
         Total | 100.0 | 100.0 |   0.0 |   5.6 |   0.0 |  36.0
       Dungeon | 100.0 | 100.0 |   0.0 |   5.6 |   0.0 |  36.0
               +-------+-------+-------+-------+-------+----------------------

Table legend:
 A = Kills in this place as a percentage of kills in entire the game.
 B = Kills by you in this place as a percentage of kills by you in the entire game.
 C = Kills by friends in this place as a percentage of kills by friends in the entire game.
 D = Other kills in this place as a percentage of other kills in the entire game.
 E = Experience gained in this place as a percentage of experience gained in the entire game.
 F = Experience gained in this place divided by the number of levels of this place that you have seen.
                   A       B       C       D       E      F
               +-------+-------+-------+-------+-------+----------------------
         Total | 100.0 | 100.0 |  -nan |  -nan | 100.0 |  33.0
       Dungeon | 100.0 | 100.0 |  -nan |  -nan | 100.0 |  33.0
               +-------+-------+-------+-------+-------+----------------------
